 Dungeon Crawl Stone Soup version 0.26-a0-597-gb535b0901c (webtiles) character file.

Game seed: 18345666466409503305

(classic levelgen) 16360 EnegeticOcto the Cleaver (level 12, 25/110 HPs)
             Began as a Deep Dwarf Fighter on Sept 2, 2020.
             Was a High Priest of Makhleb.
             Quit the game on level 1 of the Orcish Mines.
             The game lasted 00:06:51 (9179 turns).

EnegeticOcto the Cleaver (Deep Dwarf Fighter)       Turns: 9179, Time: 00:06:51

Health: 25/110     AC: 16    Str: 24    XL:     12   Next: 9%
Magic:  6/6        EV: 19    Int: 10    God:    Makhleb [*****.]
Gold:   825        SH: 18    Dex: 12    Spells: 11/11 levels left

rFire    . . .     SeeInvis .   a - +1 war axe
rCold    . . .     Faith    .   u - +0 tower shield
rNeg     . . .     Spirit   .   l - +0 plate armour
rPois    .         Reflect  .   (no helmet)
rElec    .         Harm     .   h - +0 cloak
rCorr    +                      (no gloves)
MR       +....                  c - +0 pair of boots
Stlth    ..........             o - amulet of the acrobat
HPRegen  0.00/turn              (no ring)
MPRegen  0.10/turn              k - ring of resist corrosion

@: weakened, acrobat, non-regenerating, lightly drained
A: damage resistance, heal wounds, sense surroundings 2, no regeneration
a: Heal Wounds, Minor Destruction, Lesser Servant of Makhleb, Major Destruction,
Greater Servant of Makhleb, Renounce Religion


You were on level 1 of the Orcish Mines.
You worshipped Makhleb.
Makhleb was extremely pleased with you.
You visited 3 branches of the dungeon, and saw 14 of its levels.

You collected 825 gold pieces.

Inventory:

Hand Weapons
 a - a +1 war axe (weapon)
Missiles
 f - 2 throwing nets (quivered)
Armour
 c - a +0 pair of boots (worn)
 h - a +0 cloak (worn)
 l - a +0 plate armour (worn)
 u - a +0 tower shield (worn)
Jewellery
 k - a ring of resist corrosion (right hand)
 o - an amulet of the acrobat (around neck)
Wands
 p - a wand of polymorph (9)
 D - a wand of disintegration (10)
 H - a wand of paralysis (19)
Scrolls
 g - 10 scrolls of remove curse {@r2}
 j - 4 scrolls of enchant weapon
 r - a scroll of acquirement {unknown}
 v - 5 scrolls of magic mapping {@r5}
 w - 2 scrolls of immolation {@r4}
 x - a scroll of fog
 y - 3 scrolls of identify {@r1}
 B - a scroll of teleportation {@r3}
Potions
 d - 3 potions of might {@q3}
 e - a potion of magic
 i - 3 potions of haste {@q4}
 m - 3 potions of heal wounds {@q2}
 n - a potion of flight
 q - 8 potions of curing {@q1}
 s - 4 potions of lignification {@q7}
 z - 2 potions of mutation
 A - a potion of resistance {@q6}
 E - 2 potions of berserk rage
Miscellaneous
 C - a tin of tremorstones (inert)


   Skills:
 * Level 7.9(7.4) Fighting
 * Level 11.9(11.3) Axes
 + Level 9.2(8.6) Armour
 * Level 11.6(11.0) Shields
 * Level 8.6(8.0) Invocations
 + Level 2.4(1.9) Evocations


You had 11 spell levels left.
You didn't know any spells.
Your spell library was empty.

Dungeon Overview and Level Annotations

Branches:
Dungeon (12/15)            Temple (1/1) D:5            Lair (0/6) D:10
    Orc (1/2) D:12

Altars:
Ashenzari
Cheibriados
Dithmenos
Elyvilon
Fedhas
Gozag
Hepliaklqana
Kikubaaqudgha
Makhleb
Nemelex Xobeh
Okawaru
Qazlal
Ru
Sif Muna
Trog
Uskayaw
Vehumet
Wu Jian
Xom
Yredelemnul
Zin
The Shining One

Shops:
D:11 [


Innate Abilities, Weirdness & Mutations

You are resistant to damage.
You can heal yourself by infusing magical energy.
You passively map the area around you.
You do not regenerate.


Message History

You block the boomerang of dispersal.
The orc warrior hits you with a +0 trident!
An orc comes into view. It is wielding a +0 whip.
You hit the orc warrior.
The orc warrior is moderately wounded.
You hit the hellwing. You block the hellwing's attack. x2
You block the orc warrior's attack.
You closely miss the orc warrior.
The orc warrior is moderately wounded.
You slash the hellwing! You block the hellwing's attack.
The hellwing hits you but does no damage.
You hit the hellwing.
The hellwing is moderately wounded.
You hit the orc sorcerer.
An orc warrior comes into view. It is wielding a +0 long sword.
An orc warrior comes into view.
It is wielding a +2 hand axe of flaming.
You block the hellwing's attack. x2; The orc warrior barely misses you.
The orc sorcerer points at you and mumbles some strange words.
The bolt of fire hits you!!
You hit the hellwing but do no damage.
The hellwing is moderately wounded.
You slash the orc knight! You slash the orc sorcerer!
The orc knight hits you with a +0 long sword!!
An orc wizard comes into view. It is wielding a +0 dagger.
You block the hellwing's attack. x2
An orc wizard comes into view.
It is wielding a +0 dagger and wearing a +1 robe of cold resistance.
The orc sorcerer gestures wildly while chanting.
The orc warrior hits you from afar with a +0 trident!
You are too injured to fight recklessly!
You are too injured to fight recklessly!
You are too injured to fight recklessly!
You are too injured to fight recklessly!
You are too injured to fight recklessly!
You are too injured to fight recklessly!
You are too injured to fight recklessly!
You are too injured to fight recklessly!
You are too injured to fight recklessly!
You are too injured to fight recklessly!
Evoke which item? (* to show all) (? for menu, Esc to quit)
The tremorstone explodes into fragments!
The burst of rock shards engulfs the orc!!
You kill the orc!
Makhleb accepts your kill.
You feel better.
The burst of rock shards engulfs the orc!!
You kill the orc!
Makhleb accepts your kill.
You feel better.
The burst of rock shards engulfs the orc!
You kill the orc!
Makhleb accepts your kill.
You feel better.
The burst of rock shards engulfs the orc knight!
The orc wizard shouts!
You hear a shout! x2
The orc knight hits you with a +0 long sword.
The hellwing hits you! You block the hellwing's attack.
The orc sorcerer hits you but does no damage.
You block the orange demon's attack.
The orange demon hits you but does no damage.
Evoke which item? (* to show all) (? for menu, Esc to quit)
The tremorstone explodes into fragments!
The burst of rock shards engulfs the orc warrior!
The burst of rock shards engulfs the orc warrior.
The burst of rock shards engulfs the orc knight!
You hear a shout! x2
The orc warrior hits you but does no damage.
The hellwing barely misses you. The hellwing hits you.
* * * LOW HITPOINT WARNING * * *
An ogre comes into view. It is wielding a +0 giant spiked club.
You block the orc knight's attack. You block the orange demon's attack.
The orange demon hits you but does no damage.
The orc sorcerer barely misses you.
Evoke which item? (* to show all) (? for menu, Esc to quit)
The tremorstone explodes into fragments!
The burst of rock shards engulfs the orc wizard! x2
You kill the orc wizard!
Makhleb accepts your kill.
You feel better.
The burst of rock shards engulfs the orc warrior.
The burst of rock shards engulfs the orc knight!
The burst of rock shards engulfs the orc warrior!
The burst of rock shards engulfs the hellwing.
The tin is emptied!
You hear a shout! x2
You block the orc warrior's attack. You block the hellwing's attack.
The hellwing barely misses you. The orc sorcerer casts a spell at you.
The bolt of negative energy hits you!
You feel drained.
* * * LOW HITPOINT WARNING * * *
The orange demon stings you but does no damage.
The orange demon hits you.
You feel your attacks grow feeble.
The orc wizard gestures wildly while chanting.
The orc wizard blinks!
The orc sorcerer mumbles some strange words.
The orange demon misses you. The orange demon closely misses you.
You see here 29 gold pieces.
Evoke which item? (* to show all) (? for menu, Esc to quit)
Okay, then.
Are you sure you want to abandon this character and quit the game? (Confirm with "yes".)

, ....... ,
....... **.# *
,o....O. , > *.#
,
#.....o#######.#
,
...#.).........#
, ,
......).o......#
,,
......).).....##
,*
,.......<))o4...#
,
........oo4@..##
,,
......#)).....# ,
,.....$.3#.#..##
,,.........#####
,, ........., , ,
......... ,
.........# , ,
....... , , , , ,
, *


You could see an orc knight, a sun demon (summoned), an orange demon (summoned),
a hellwing (summoned), an orc sorcerer (strong), 3 orc warriors and an ogre.

Vanquished Creatures
  Nessos (D:12)
  Josephine (D:10)
  2 two-headed ogres (D:9)
  2 skeletal warriors (D:11)
  An unseen horror (D:10)
  A deep elf mage (D:12)
  A cyclops (D:12)
  An ugly thing (D:11)
  2 rust devils (D:10)
  Maggie (D:8)
  A gargoyle (D:12)
  3 trolls
  A hornet (D:12)
  4 hippogriffs
  A shadow (D:12)
  4 wraiths (D:10)
  6 yaks (D:12)
  Grum (D:9)
  An eye of draining (D:10)
  2 black bears
  4 orc warriors
  2 sky beasts
  5 phantoms
  A hornet zombie (D:7)
  6 ice beasts
  4 ogres
  A necrophage (D:8)
  2 wolves (D:9)
  3 centaurs
  A big kobold (D:7)
  5 bullfrogs
  A gnoll sergeant (D:10)
  2 wyvern zombies
  5 scorpions
  A wyvern skeleton (D:6)
  6 killer bees (D:8)
  3 howler monkeys (D:8)
  2 bullfrog zombies (D:5)
  2 centaur zombies
  A crimson imp (D:6)
  3 hounds
  2 jellies
  9 orc wizards
  12 orc priests
  2 gnoll shamans
  2 bullfrog skeletons
  An iron imp (D:6)
  Terence (D:3)
  6 worker ants
  A hound zombie (D:7)
  2 hound skeletons
  A worker ant zombie (D:8)
  11 adders
  13 gnolls
  A howler monkey skeleton (D:6)
  3 shadow imps
  3 white imps
  An ooze (D:7)
  2 adder zombies (D:9)
  2 worms
  5 dart slugs
  4 leopard geckos
  60 orcs
  3 bats
  3 giant cockroaches
  6 hobgoblins
  19 jackals
  6 kobolds
  4 quokkas
  A frilled lizard (D:1)
  4 goblins
  A jackal zombie (D:7)
  A leopard gecko skeleton (D:3)
  3 rats
292 creatures vanquished.

Vanquished Creatures (collateral kills)
  A skeletal warrior (D:11)
1 creature vanquished.

Vanquished Creatures (others)
  2 gnolls (D:10)
2 creatures vanquished.

Grand Total: 295 creatures vanquished

Notes
Turn   | Place    | Note
-------+----------+-------------------------------------------
     0 | D:1      | EnegeticOcto the Deep Dwarf Fighter began the quest for the
                  | Orb.
     0 | D:1      | Reached XP level 1. HP: 20/20 MP: 1/1
   103 | D:3      | Noticed Terence
   114 | D:3      | Reached XP level 2. HP: 20/27 MP: 1/1
   122 | D:3      | Killed Terence
   122 | D:3      | Reached XP level 3. HP: 24/34 MP: 2/2
   406 | D:4      | Reached XP level 4. HP: 27/42 MP: 3/3
   547 | D:4      | Reached XP level 5. HP: 26/49 MP: 4/4
   650 | D:4      | Noticed an ogre
   661 | D:4      | Killed an ogre
   767 | D:4      | Reached XP level 6. HP: 56/56 MP: 3/3
  1231 | D:5      | Entered Level 5 of the Dungeon
  1256 | D:5      | Reached skill level 5 in Axes
  1318 | D:5      | Noticed an ice beast
  1327 | D:5      | Killed an ice beast
  1466 | D:5      | Reached XP level 7. HP: 35/64 MP: 4/4
  1490 | D:5      | Reached skill level 5 in Shields
  1543 | D:5      | Found a white marble altar of Elyvilon.
  1908 | D:5      | Reached skill level 5 in Armour
  1964 | D:5      | Found a staircase to the Ecumenical Temple.
  2233 | Temple   | Entered the Ecumenical Temple
  2501 | D:2      | Found a snail-covered altar of Cheibriados.
  3751 | D:6      | Found an ornate altar of the Wu Jian Council.
  3855 | D:6      | Reached XP level 8. HP: 66/73 MP: 2/2
  4176 | D:6      | Found a burning altar of Makhleb.
  4177 | D:6      | Found a radiant altar of Vehumet.
  4190 | D:6      | Became a worshipper of Makhleb the Destroyer
  4331 | D:6      | Found a snail-covered altar of Cheibriados.
  4621 | D:7      | Reached skill level 5 in Fighting
  4621 | D:7      | Reached skill level 1 in Invocations
  4785 | D:7      | Found a shimmering altar of Xom.
  4879 | D:7      | Gained mutation: You passively map the area around you.
                  | [Deep Dwarf growth]
  4879 | D:7      | Reached XP level 9. HP: 53/81 MP: 4/4
  4924 | D:7      | Reached * piety under Makhleb
  5583 | D:8      | Noticed Maggie
  5603 | D:8      | Killed Maggie
  5631 | D:8      | Reached ** piety under Makhleb
  5711 | D:8      | Reached XP level 10. HP: 49/91 MP: 6/6
  6228 | D:9      | Noticed Grum
  6252 | D:9      | Reached skill level 5 in Invocations
  6252 | D:9      | Killed Grum
  6273 | D:9      | Found a hazy altar of Hepliaklqana.
  6292 | D:9      | Noticed a two-headed ogre
  6306 | D:9      | Killed a two-headed ogre
  6548 | D:9      | Noticed a two-headed ogre
  6560 | D:9      | Killed a two-headed ogre
  6560 | D:9      | Reached skill level 10 in Axes
  6596 | D:10     | Entered Level 10 of the Dungeon
  6610 | D:10     | Noticed Josephine
  6690 | D:10     | Killed Josephine
  6690 | D:10     | Reached *** piety under Makhleb
  6690 | D:10     | Reached skill level 10 in Shields
  6839 | D:9      | Noticed a rust devil
  6839 | D:9      | Noticed a rust devil
  6915 | D:10     | Killed a rust devil
  6915 | D:10     | Reached XP level 11. HP: 76/99 MP: 6/6
  7089 | D:10     | Found a staircase to the Lair.
  7788 | D:10     | Killed an unseen horror
  7885 | D:11     | Noticed a red ugly thing
  7922 | D:11     | Killed a red ugly thing
  8011 | D:11     | Found Athrofej's Antique Armour Emporium.
  8048 | D:11     | Noticed a skeletal warrior
  8049 | D:11     | Noticed a skeletal warrior
  8051 | D:11     | Noticed a skeletal warrior
  8082 | D:11     | Killed a skeletal warrior
  8091 | D:11     | Killed a skeletal warrior
  8107 | D:11     | Killed a skeletal warrior
  8177 | D:11     | Found a bloodstained altar of Trog.
  8349 | D:12     | Noticed Nessos
  8373 | D:12     | Killed Nessos
  8439 | D:12     | Reached **** piety under Makhleb
  8439 | D:12     | Reached skill level 1 in Evocations
  8597 | D:12     | Found a staircase to the Orcish Mines.
  8691 | D:12     | Reached XP level 12. HP: 66/110 MP: 6/6
  8829 | D:12     | Found a glowing golden altar of the Shining One.
  9160 | Orc:1    | Entered Level 1 of the Orcish Mines
  9165 | Orc:1    | Reached ***** piety under Makhleb
  9179 | Orc:1    | Quit the game

Illustrated notes

Levels and vault maps discovered:
D:1:      psy_arrival_terrarium, layout_rooms
D:2:      layout_rooms, kennysheep_slug_shrine, minmay_misc_feat_chi
D:3:      layout_basic, grunt_ministairs_5, minmay_misc_feat_roman,
          minmay_checkerbox, uniq_terence
D:4:      layout_basic, palyth_stone_intersect
D:5:      layout_basic, elyvilon_altar_3, minmay_temple_entry_enclosed_plants
D:6:      layout_basic, grunt_temple_overflow_lords_of_destruction, basic_altar,
          chei_slow_surprise
D:7:      layout_loops_ring, kennysheep_mini_moat, nrook_mini_backslash
D:8:      layout_cave_pods, uniq_maggie
D:9:      cheibrodos_iron_armory, layout_rooms, lemuel_round_altar, uniq_grum
D:10:     layout_gridville, lair_entry_dummy, kennysheep_small_circle,
          uniq_josephine
D:11:     layout_cave_pools, serial_shops, shop_statue, basic_altar
D:12:     layout_loops_ring, hiddenorc2_lemuel, tso_metal_star, uniq_nessos
Temple:   compressed_dpeg_circular_temple
Orc:1:    layout_caves, serial_shops, shop, lemuel_statue_altar

Skill      XL: |  1  2  3  4  5  6  7  8  9 10 11 12 |
---------------+-------------------------------------+-----
Fighting       | 3 4 5 6 7 |  7.9
Axes           | 3 4 5 6 8 9 10 11 | 11.9
Armour         | 4 5 6 7 8 9 |  9.2
Shields        | 4 5 7 8 10 11 | 11.6
Invocations    | 2 4 6 8 |  8.6
Evocations     | 1 2 |  2.4

Action                   |  1- 3 |  4- 6 |  7- 9 | 10-12 || total
-------------------------+-------+-------+-------+-------++-------
Melee: War axe           |    69 |    89 |   491 |   747 ||  1396
Invok: Lesser Servant of |       |       |       |     2 ||     2
 Abil: Heal Wounds       |     1 |     3 |    10 |    37 ||    51
Evoke: Wand              |       |       |       |    12 ||    12
       Tin of tremorston |       |       |       |     3 ||     3
  Use: Scroll            |       |       |    15 |     7 ||    22
 Stab: Paralysed         |       |       |       |     3 ||     3
Armor: Scale mail        |    16 |       |       |       ||    16
       Plate armour      |    30 |    72 |   280 |   349 ||   731
Dodge: Dodged            |    21 |    11 |    60 |    87 ||   179
Block: Kite shield       |    41 |    43 |    42 |       ||   126
       Tower shield      |       |       |   419 |   774 ||  1193

Table legend: (Time is in decaauts)
 A = Elapsed time spent in this place.
 B = Non-inter-level travel time spent in this place.
 C = Inter-level travel time spent in this place.
 D = Time resting spent in this place.
 E = Time spent auto-exploring this place.
 F = Levels seen in this place.
 G = Mean time per level.
                   A        B        C        D        E       F      G
               +--------+--------+--------+--------+--------+-----+--------+
         Total |   9456 |   8952 |    504 |     48 |   6323 |  14 |  675.4 |
       Dungeon |   9331 |   8837 |    494 |     48 |   6227 |  12 |  777.6 |
        Temple |    105 |     96 |      9 |      0 |     96 |   1 |  105.0 |
  Orcish Mines |     18 |     18 |      0 |      0 |      0 |   1 |   18.0 |
               +--------+--------+--------+--------+--------+-----+--------+

Top non-repeatable levels by time:
    D:10: 1243 daAuts
     D:5: 1063 daAuts
     D:3: 978 daAuts
     D:8: 961 daAuts
     D:6: 955 daAuts
     D:4: 918 daAuts
    D:12: 816 daAuts
     D:7: 720 daAuts
     D:2: 597 daAuts
    D:11: 517 daAuts
     D:9: 491 daAuts
  Temple: 105 daAuts
     D:1: 66 daAuts
   Orc:1: 18 daAuts
